Warning! The script has encountered some errors when parsing the replay. Please report them to the . » details
0x00, prev: 0x16: 16 02 01 00 A9 66 00 00 C3 F4 02 00 [00] 00 00 00 00 00 00 00 00 00 00 00 00 00 00 00 00 00 00 00 00 00 00 00 00 00 01 1F 00 12 00 00 03 00 0D 00 FF FF FF FF FF FF FF FF 77 59 DC C5 C8 B4 B3 C4 FF FF FF FF FF FF FF FF
0x00, prev: 0x00: 16 02 01 00 A9 66 00 00 C3 F4 02 00 00 00 00 00 00 00 00 00 00 00 00 00 00 00 00 00 00 00 00 00 00 00 00 00 [00] 00 01 1F 00 12 00 00 03 00 0D 00 FF FF FF FF FF FF FF FF 77 59 DC C5 C8 B4 B3 C4 FF FF FF FF FF FF FF FF
0x00, prev: 0x01: 16 02 01 00 C6 70 00 00 CC 80 01 00 00 00 00 00 00 00 00 00 00 00 00 00 00 00 00 00 00 00 00 00 00 00 00 00 01 [00] 04 1A 00 16 01 01 00 B4 6A 00 00 C4 B9 00 00 1A 19 70 73 77 65 B4 6A 00 00 C4 B9 00 00
0x00, prev: 0x04: 16 02 01 00 30 6A 00 00 DD C6 00 00 00 00 00 00 00 00 00 00 00 00 00 00 00 00 00 00 00 00 00 00 00 00 00 00 04 [00] 03 1F 00 12 00 00 03 00 0D 00 FF FF FF FF FF FF FF FF C2 3A 67 C5 2B 78 C6 44 FF FF FF FF FF FF FF FF
0x00, prev: 0x02: 16 02 01 00 A1 76 00 00 42 12 04 00 00 00 00 00 00 00 00 00 00 00 00 00 00 00 00 00 00 00 00 00 00 00 00 00 02 [00] 03 1F 00 12 00 00 03 00 0D 00 FF FF FF FF FF FF FF FF 6F 83 71 C5 D6 06 DF 44 FF FF FF FF FF FF FF FF
General information
- name: BNet
- type: Ladder team game (AT/RT)
- host: Battle.net
- saver: nonent
map: ExcavationSite
- players: 4
- length: 15:22
- speed: Fast
- version: 1.23 W3XP
- replay type: Public
» download(67 KB)
Players
team 1 (winner)
fineX (
teal | 166 APM | 1054 actions | 06:21)
3 Tauren Chieftain
1 Shockwave
2 Endurance Aura
» actions
| Assign group hotkey | 27 | |
| Build / train | 39 | |
| Enter build submenu | 10 | |
| Enter hero's abilities submenu | 8 | |
| Give item / drop item | 1 | |
| Right click | 555 | |
| Select / deselect | 116 | |
| Select group hotkey | 267 | |
| Use ability | 31 | |
1054 total
» units
| Peon | 8 | |
| Troll Headhunter/Berserker | 8 | |
| Wind Rider | 3 | |
19 total
» upgrades
| Ranged Weapons | 1 | |
| Armor | 1 | |
| Envenomed Spears | 1 | |
3 total
» buildings
| Altar of Storms | 1 | |
| Orc Burrow | 4 | |
| Barracks | 1 | |
| War Mill | 1 | |
| Voodoo Lounge | 1 | |
| Stronghold | 1 | |
| Beastiary | 2 | |
| Fortress | 1 | |
12 total
» build order
00:04 Altar of Storms
00:06 Orc Burrow
00:35 Barracks
01:13 War Mill
01:59 Orc Burrow
03:14 Orc Burrow
03:26 Voodoo Lounge
03:57 Stronghold
04:24 Orc Burrow
05:00 Fortress
» items
| Healing Salve | 2 | |
| Lesser Clarity Potion | 1 | |
| Scroll of Speed | 1 | |
| Scroll of Healing | 1 | |
5 total
nonent (
yellow | 197 APM | 1259 actions | 06:22)
4 Blademaster
2 Wind Walk
1 Critical Strike
1 Bladestorm
» actions
| Assign group hotkey | 21 | |
| Basic commands | 3 | |
| Build / train | 49 | |
| Enter build submenu | 15 | |
| Enter hero's abilities submenu | 6 | |
| Give item / drop item | 1 | |
| Remove unit from queue | 2 | |
| Right click | 591 | |
| Select / deselect | 144 | |
| Select group hotkey | 389 | |
| Use ability | 38 | |
1259 total
» units
| Peon | 10 | |
| Grunt | 8 | |
| Raider | 7 | |
| Demolisher | 1 | |
26 total
» upgrades
| Berserker Strength | 1 | |
| Pillage | 1 | |
| Ensnare | 1 | |
| Melee Weapons | 2 | |
| Armor | 1 | |
6 total
» buildings
| Orc Burrow | 6 | |
| Altar of Storms | 1 | |
| Barracks | 1 | |
| Stronghold | 1 | |
| Voodoo Lounge | 1 | |
| Beastiary | 4 | |
| Great Hall | 1 | |
| War Mill | 1 | |
16 total
» build order
00:19 Orc Burrow
00:34 Altar of Storms
00:50 Barracks
01:36 Orc Burrow
02:48 Stronghold
03:24 Orc Burrow
03:46 Voodoo Lounge
05:00 Orc Burrow
05:13 Beastiary
05:13 Beastiary
» items
| Circlet of Nobility | 1 | |
| Healing Salve | 1 | |
| Scroll of Speed | 1 | |
| Scroll of Protection | 2 | |
| Scroll of Healing | 2 | |
7 total
team 2 (loser)
MwM.strik.eX (
orange | 88 APM | 541 actions | 06:09)
2 Death Knight
1 Death Coil
1 Unholy Aura
1 Lich
1 Frost Nova
» actions
| Build / train | 34 | |
| Enter build submenu | 9 | |
| Enter hero's abilities submenu | 4 | |
| Right click | 268 | |
| Select / deselect | 198 | |
| Use ability | 26 | |
541 total
» units
| Acolyte | 2 | |
| Ghoul | 4 | |
| Crypt Fiend | 8 | |
| Obsidian Statue | 1 | |
15 total
» upgrades
| Creature Attack | 1 | |
| Creature Carapace | 1 | |
| Web | 1 | |
3 total
» buildings
| Graveyard | 1 | |
| Crypt | 1 | |
| Altar of Darkness | 1 | |
| Ziggurat | 4 | |
| Tomb of Relics | 1 | |
| Nerubian Tower | 1 | |
| Halls of the Dead | 1 | |
| Slaughterhouse | 1 | |
| Black Citadel | 1 | |
| Spirit Tower | 3 | |
15 total
» build order
00:18 Graveyard
00:36 Crypt
00:52 Altar of Darkness
01:05 Ziggurat
01:32 Tomb of Relics
01:46 Ziggurat
02:34 Nerubian Tower
03:59 Halls of the Dead
04:49 Ziggurat
05:00 Spirit Tower
» items
| Rod of Necromancy | 1 | |
| Potion of Healing | 1 | |
| Scroll of Protection | 1 | |
| Scroll of Healing | 1 | |
4 total
ThyrA[R] (
red | 168 APM | 1065 actions | 06:20)
2 Warden
1 Shadow Strike
1 Blink
1 Keeper of the Grove
1 Entangling Roots
» actions
| Assign group hotkey | 20 | |
| Basic commands | 1 | |
| Build / train | 60 | |
| Enter build submenu | 18 | |
| Enter hero's abilities submenu | 4 | |
| Remove unit from queue | 3 | |
| Right click | 530 | |
| Select / deselect | 159 | |
| Select group hotkey | 214 | |
| Use ability | 56 | |
1065 total
» units
| Wisp | 18 | |
| Huntress | 4 | |
| Druid of the Talon | 4 | |
| Dryad | 6 | |
| Archer | 5 | |
| Hippogryph | 1 | |
38 total
» buildings
| Altar of Elders | 1 | |
| Moon Well | 7 | |
| Hunter's Hall | 1 | |
| Ancient of War | 1 | |
| Ancient of Wonders | 1 | |
| Tree of Ages | 3 | |
| Tree of Life | 1 | |
| Ancient of Wind | 3 | |
| Ancient of Lore | 1 | |
| Ancient Protector | 2 | |
21 total
» build order
00:03 Altar of Elders
00:32 Moon Well
01:55 Hunter's Hall
01:57 Ancient of War
02:12 Moon Well
02:33 Ancient of Wonders
02:51 Moon Well
04:07 Tree of Ages
04:08 Tree of Ages
04:08 Tree of Ages
04:42 Tree of Life
05:00 Ancient Protector
» items
| Dust of Appearance | 3 | |
| Potion of Healing | 2 | |
| Potion of Mana | 1 | |
6 total
Chat log
(00:04 / All) nonent: gl hf
(00:09 / All) nonent: i like clan mym
(00:24 / All) MwM.strik.eX: LO?
(00:26 / All) MwM.strik.eX: LOL
(00:31 / All) nonent: ur clan is good
(05:00 / All) fineX: le francais cest unhygiene
(05:39 / All) fineX: je suis jesus
(05:52 / All) fineX: je ne pas mal
(06:09 / All) ThyrA[R]: ouais bon
(06:16 / All) ThyrA[R]: gg les marseillais